 Dungeon Crawl Stone Soup version 0.29-a0-2-g12fcac58f8 (webtiles) character file.

Game seed: 3532623380921169267

18 porpoise the Sneak (level 2, -4/23 HPs)
             Began as a Demonspawn Brigand on Jan 27, 2022.
             Slain by a worm (7 damage)
             ... on level 2 of the Dungeon.
             The game lasted 00:02:13 (1433 turns).

porpoise the Sneak (Demonspawn Brigand)             Turns: 1433, Time: 00:02:14

Health: -4/23      AC:  3    Str: 11    XL:     2   Next: 48%
Magic:  2/2        EV: 11    Int: 12    God:
Gold:   16         SH:  0    Dex: 14    Spells: 1/1 levels left

rFire   . . .      SeeInvis .   a - +2 dagger
rCold   . . .      Faith    .   (no shield)
rNeg    . . .      Spirit   .   b - +0 robe
rPois   .          Reflect  .   (no helmet)
rElec   .          Harm     .   c - +0 cloak
rCorr   .          Rampage  .   (no gloves)
Will    .....                   (no boots)
Stlth   ++........              (no amulet)
HPRegen 0.07/turn               (no ring)
MPRegen 0.08/turn               (no ring)

@: no status effects
A: demonic magic 1
a: no special abilities


You were on level 2 of the Dungeon.
You visited 1 branch of the dungeon, and saw 2 of its levels.

You collected 16 gold pieces.

Inventory:

Hand Weapons
 a - a +2 dagger (weapon)
Missiles
 d - 10 poisoned darts (quivered)
 e - 2 curare-tipped darts
 f - 19 stones
 g - 6 javelins
Armour
 b - a +0 robe (worn)
 c - a +0 cloak (worn)
Magical Staves
 m - a staff of death
Scrolls
 i - a scroll of teleportation {unknown}
 j - a scroll of identify {unknown}
 l - a scroll of blinking {unknown}
Potions
 h - a potion of mutation {unknown}
 k - a potion of brilliance {unknown}


   Skills:
 * Level 2.5 Fighting
 * Level 2.2 Short Blades
 - Level 1.7 Throwing
 - Level 0.8 Dodging
 + Level 3.7 Stealth


You had one spell level left.
You didn't know any spells.
Your spell library contained the following spells:

 Spells                   Type           Power      Damage    Failure   Level
 Ozocubu's Armour         Ice            0%         N/A       69%         3
 Metabolic Englaciation   Hex/Ice        0%         N/A       100%        5
 Simulacrum               Ice/Necr       0%         N/A       100%        6


Dungeon Overview and Level Annotations

Branches:
Dungeon (2/15)

Altars:


Innate Abilities, Weirdness & Mutations

Spells you cast may paralyse adjacent enemies.


Message History

You kill the hobgoblin!
You hit the ball python.
You kill the ball python!
No target in view!
There is a stone staircase leading up, spattered with blood here.
You see here a ball python corpse.
You see here a frilled lizard corpse.
You pick up a book of Winter and begin reading...
You add the spells Ozocubu's Armour, Metabolic Englaciation and Simulacrum to your library.
A ball python comes into view.
The ball python hisses angrily.
You closely miss the ball python. The ball python misses you.
The ball python barely misses you.
You closely miss the ball python. The ball python closely misses you. x2
You hit the ball python.
You kill the ball python!
You start waiting.
Done waiting.
Found a stone staircase leading down.
A worm comes into view.
Found a scroll labelled QUPHEC LOHEXIV.
There is a stone staircase leading down here.
The worm bites you!
You hit the worm but do no damage. You hit the worm.
The worm is lightly wounded.
The worm bites you!
* * * LOW HITPOINT WARNING * * *
You are too injured to fight recklessly!
You are too injured to fight recklessly!
You are too injured to fight recklessly!
You hit the worm.
The worm is lightly wounded.
You barely miss the worm.
The worm is lightly wounded.
The worm barely misses you.
You hit the worm.
The worm is moderately wounded.
The worm bites you!
You die...

.§§.... #.?#..#
#..#.. ### #..#..
... ....# #.#
#..# #.######
####..###.w....#
#....>...@# .#
#.##.####.### .#
#.####... ..#
#....#..##..
#####.#......####
#.....#...#.....
#.#####...#..##
#.#...†.......#
#.#.#...#.#.###


You could see a worm.

Vanquished Creatures
  A dart slug (D:1)
  An endoplasm (D:1)
  3 hobgoblins
  3 ball pythons
  2 bats (D:1)
  A frilled lizard (D:2)
  3 kobolds (D:1)
  2 rats (D:1)
16 creatures vanquished.

Notes
Turn   | Place    | Note
-------+----------+-------------------------------------------
     0 | D:1      | porpoise the Demonspawn Brigand began the quest for the
                  | Orb.
     0 | D:1      | Reached XP level 1. HP: 16/16 MP: 1/1
   607 | D:1      | Gained mutation: Spells you cast may paralyse adjacent
                  | enemies. [demonic ancestry]
   607 | D:1      | Reached XP level 2. HP: 23/23 MP: 2/2
  1433 | D:2      | Slain by a worm

Illustrated notes

Levels and vault maps discovered:
D:1:      heliophobic_arrival_enchanted_forest, layout_basic, serial_rivers,
          chequers_serial_rivers_small_a, chequers_serial_rivers_large_a,
          chequers_serial_rivers_micro_c, chequers_serial_rivers_small_3,
          chequers_serial_rivers_micro_e
D:2:      layout_basic, shapermc_ecumenical_altar_petra, kennysheep_boxes,
          uniq_terence

Skill      XL: |  1 |
---------------+----+-----
Short Blades   | 2 |  2.2
Fighting       | |  2.5
Throwing       | |  1.7
Dodging        | |  0.8
Stealth        | |  3.7

Action                   || total
-------------------------++-------
Melee: Dagger            ||    53
       Punch             ||     3
 Stab: Sleeping          ||     3
Armor: Robe              ||     6
Dodge: Dodged            ||    25

Table legend: (Time is in decaauts)
 A = Elapsed time spent in this place.
 B = Non-inter-level travel time spent in this place.
 C = Inter-level travel time spent in this place.
 D = Time resting spent in this place.
 E = Time spent auto-exploring this place.
 F = Levels seen in this place.
 G = Mean time per level.
                   A        B        C        D        E       F      G
               +--------+--------+--------+--------+--------+-----+--------+
         Total |   1454 |   1437 |     17 |    587 |    694 |   2 |  727.0 |
       Dungeon |   1454 |   1437 |     17 |    587 |    694 |   2 |  727.0 |
               +--------+--------+--------+--------+--------+-----+--------+

Top non-repeatable levels by time:
     D:1: 1257 daAuts
     D:2: 196 daAuts
